[Event "ICC tourney 2855 (30 10)"]
[Site "Internet Chess Club"]
[Date "2022.03.19"]
[Round "5"]
[White "ZHOU, ALEXANDER ZHENG:Lailaiking"]
[Black "Wold, Michael L:miclwold-1"]
[Result "1-0"]
[ICCResult "Black checkmated"]
[WhiteElo "1029"]
[BlackElo "506"]
[Opening "Two knights defense (Modern bishop's opening)"]
[ECO "C55"]
[NIC "IG.01"]
[Time "20:00:38"]
[PlyCount "89"]
[TimeControl "1800+10"]

1. e4 e5 2. Nf3 Nc6 3. Bc4 Nf6 4. d3 d6 5. Nc3 Bg4 6. h3 Bxf3 7. Qxf3 Nd4 8.
Qd1 Be7 9. Be3 Ne6 10. O-O c6 11. Re1 O-O 12. a3 d5 13. exd5 cxd5 14. Bb5 d4
15. Bxd4 exd4 16. Ne4 Nxe4 17. Rxe4 Qd5 18. Bc4 Qc6 19. Qe1 f5 20. Rxe6 Qa4
21. Ra6+ Kh8 22. Rxa4 a6 23. Qxe7 b5 24. Bxb5 axb5 25. Rxa8 Rxa8 26. Re1 h6
27. Qf7 Rg8 28. Re8 Rxe8 29. Qxe8+ Kh7 30. b3 b4 31. axb4 g5 32. Qe7+ Kg6
33. b5 Kh5 34. b6 g4 35. hxg4+ Kxg4 36. f3+ Kg3 37. Qg7+ Kf4 38. b7 h5 39.
b8=Q+ Ke3 40. Qge5+ Kd2 41. Qxd4 Kxc2 42. Qc7+ Kd2 43. Qcc3+ Ke2 44. Qe5+
Kd1 45. Qee1# {Black checkmated} 1-0

[Event "ICC tourney 2855 (30 10)"]
[Site "Internet Chess Club"]
[Date "2022.03.19"]
[Round "5"]
[White "Bharathy Mohan, Aarav Sai:aaravbm"]
[Black "THAPER, RISHUBH:MajorKey"]
[Result "0-1"]
[ICCResult "White resigns"]
[WhiteElo "1004"]
[BlackElo "1123"]
[Opening "Caro-Kann: advance variation"]
[ECO "B12"]
[NIC "CK.04"]
[Time "20:00:19"]
[PlyCount "62"]
[TimeControl "1800+10"]

1. e4 c6 2. d4 d5 3. e5 Bf5 4. Nf3 e6 5. Bf4 c5 6. c3 Qb6 7. Qa4+ Nc6 8. Bb5
a6 9. Bxc6+ Qxc6 10. Qxc6+ bxc6 11. O-O Rb8 12. b3 a5 13. Nbd2 Bd3 14. Rfe1
c4 15. Re3 c5 16. h3 cxd4 17. cxd4 Bb4 18. Rc1 Ba3 19. Rc3 Bb2 20. Rcxd3
cxd3 21. Rxd3 Ne7 22. Nf1 Kd7 23. Rd1 Rhc8 24. Ng5 Nf5 25. Be3 Rb4 26. Nxh7
Nxd4 27. Bxd4 Rxd4 28. Rxd4 Bxd4 29. Ng5 Rc2 30. Nxf7 Rxf2 31. Nd6 Rf8+
{White resigns}
0-1

[Event "ICC tourney 2855 (30 10)"]
[Site "Internet Chess Club"]
[Date "2022.03.19"]
[Round "5"]
[White "Krishnan, Ashvath:ashvathk5"]
[Black "WEI, LUKE:caracleliem2"]
[Result "1-0"]
[ICCResult "Black resigns"]
[WhiteElo "1373"]
[BlackElo "1082"]
[Opening "Sicilian: Nimzovich-Rossolimo attack (without ...d6)"]
[ECO "B30"]
[NIC "SI.31"]
[Time "20:00:22"]
[PlyCount "61"]
[TimeControl "1800+10"]

1. e4 c5 2. Nf3 Nc6 3. Bb5 Nf6 4. Nc3 g6 5. O-O Bg7 6. Re1 d6 7. d3 O-O 8.
Be3 Bd7 9. Bxc6 Bxc6 10. e5 Ng4 11. exd6 Qxd6 12. g3 Bxc3 13. bxc3 Qd5 14.
Bh6 Nxh6 15. Re3 Nf5 16. Re4 c4 17. Nd2 Nd6 18. dxc4 Qf5 19. Rf4 Qh3 20. Nf3
e5 21. Rh4 Qe6 22. Ng5 Qe7 23. Nxh7 Rfd8 24. Qg4 Bd7 25. Qf3 Nf5 26. Rh3 Kg7
27. g4 e4 28. Qf4 Rh8 29. gxf5 Rxh7 30. f6+ Qxf6 31. Rxh7+ {Black resigns}
1-0

[Event "ICC tourney 2855 (30 10)"]
[Site "Internet Chess Club"]
[Date "2022.03.19"]
[Round "5"]
[White "QIAO, RICHARDSON JINGSI:Richardsonqiao"]
[Black "LANE, LUCA MADDEN:StreetFood"]
[Result "1-0"]
[ICCResult "Black resigns"]
[WhiteElo "572"]
[BlackElo "1321"]
[Opening "Giuoco Pianissimo: Italian four knights variation"]
[ECO "C55"]
[NIC "IG.01"]
[Time "20:00:20"]
[PlyCount "81"]
[TimeControl "1800+10"]

1. e4 e5 2. Nf3 Nc6 3. Bc4 Nf6 4. d3 Bc5 5. Nc3 O-O 6. O-O d6 7. h3 Bd7 8.
Bg5 h6 9. Bh4 Na5 10. Bb3 Nxb3 11. axb3 Qe7 12. Nd5 Qd8 13. Nxf6+ gxf6 14.
d4 exd4 15. Nxd4 Qe7 16. Re1 Qe5 17. c3 Rfe8 18. Nf3 Qh5 19. Bxf6 Qg6 20.
Bh4 Bxh3 21. Bg3 Bg4 22. b4 Bb6 23. Qd3 Be6 24. Nd4 Bd5 25. Nf5 Be6 26. Nh4
Qg4 27. Qf3 Qxf3 28. Nxf3 Rad8 29. Rad1 f5 30. e5 Bb3 31. Rd2 dxe5 32. Rxe5
Kg7 33. Rxd8 Rxd8 34. Rxf5 Rd1+ 35. Kh2 Rb1 36. Be5+ Kg6 37. Nh4+ Kh7 38.
Rf3 Rxb2 39. c4 Re2 40. Rxb3 Rxe5 41. c5 {Black resigns} 1-0

[Event "ICC tourney 2855 (30 10)"]
[Site "Internet Chess Club"]
[Date "2022.03.19"]
[Round "5"]
[White "WESLEY, GEORGE:Maglars"]
[Black "BIRUDAVOLU, SATHVIK:Vikki24"]
[Result "1-0"]
[ICCResult "Black checkmated"]
[WhiteElo "1061"]
[BlackElo "1069"]
[Opening "English: Sicilian reversed"]
[ECO "A25"]
[NIC "EO.20"]
[Time "20:00:24"]
[PlyCount "129"]
[TimeControl "1800+10"]

1. c4 e5 2. Nc3 Nc6 3. g3 Bc5 4. e3 Nf6 5. Bg2 O-O 6. Nge2 d6 7. O-O Be6 8.
d4 exd4 9. exd4 Bb4 10. d5 Bxc3 11. Nxc3 Bd7 12. dxc6 Bxc6 13. Bxc6 bxc6 14.
Bf4 Qd7 15. Qf3 Rad8 16. Rad1 d5 17. Bg5 Qd6 18. Rd4 h6 19. Bxf6 Qxf6 20.
Qxf6 gxf6 21. cxd5 cxd5 22. Nb5 Rb8 23. a4 c6 24. Nxa7 Rxb2 25. Nxc6 Ra2 26.
a5 Rc2 27. Ne7+ Kg7 28. Rxd5 Ra2 29. Rb1 Re8 30. Nf5+ Kg6 31. Nh4+ Kg7 32.
Kg2 Ra8 33. Rbb5 Kh7 34. Nf5 Kg6 35. Ne7+ Kg7 36. Rdc5 Kf8 37. Rc8+ Rxc8 38.
Nxc8 Ke8 39. Nd6+ Ke7 40. Nf5+ Kd7 41. Nxh6 Kc6 42. Rf5 Kc7 43. Nxf7 Kd7 44.
Nh6 Ke6 45. Rb5 Kd6 46. h4 Ke7 47. h5 Ke6 48. Nf5 Kf7 49. g4 Ke6 50. Kg3 Kf7
51. f3 Ke6 52. Rb6+ Kf7 53. a6 Ra1 54. Rb7+ Ke6 55. a7 Ke5 56. h6 Ke6 57. h7
Rxa7 58. Rxa7 Kd5 59. Re7 Kc5 60. Ng7 Kc4 61. Rd7 Kc3 62. h8=Q Kc4 63. Qc8+
Kb5 64. Rb7+ Ka6 65. Qa8# {Black checkmated} 1-0

[Event "ICC tourney 2855 (30 10)"]
[Site "Internet Chess Club"]
[Date "2022.03.19"]
[Round "5"]
[White "YUAN, ETHAN:Knighthhhh"]
[Black "POWERS, BARNEY:Barnstorm"]
[Result "0-1"]
[ICCResult "White checkmated"]
[WhiteElo "1326"]
[BlackElo "1233"]
[Opening "Pirc: classical (two knights) system"]
[ECO "B08"]
[NIC "PU.07"]
[Time "20:00:19"]
[PlyCount "112"]
[TimeControl "1800+10"]

1. e4 d6 2. d4 Nf6 3. Nc3 g6 4. Nf3 c6 5. Bd3 Bg7 6. O-O O-O 7. Bf4 Nh5 8.
Be3 e5 9. Qe2 Bg4 10. dxe5 Bxf3 11. Qxf3 Bxe5 12. Rad1 b5 13. Bh6 Re8 14. a3
Qh4 15. h3 Nd7 16. Qg4 Qxg4 17. hxg4 Nf4 18. g5 Nc5 19. Rfe1 a5 20. g3 Nfxd3
21. cxd3 Bd4 22. Rd2 Re6 23. Ne2 Bg7 24. Nf4 Re5 25. Bxg7 Kxg7 26. Nh3 Nb3
27. Rc2 Nd4 28. Rcc1 Nf3+ 29. Kg2 Nxe1+ 30. Rxe1 Rae8 31. f4 Rc5 32. Re2 b4
33. d4 Rc4 34. axb4 Rxb4 35. Kf3 Rxd4 36. Nf2 Rb8 37. g4 Rb3+ 38. Kg2 Rdb4
39. f5 Rxb2 40. f6+ Kf8 41. Rxb2 Rxb2 42. Kg3 Rxf2 43. Kxf2 a4 44. Ke2 a3
45. Kd2 a2 46. e5 dxe5 47. Kc2 a1=Q 48. Kd3 Qc1 49. Ke4 c5 50. Kxe5 c4 51.
Kd4 c3 52. Ke5 c2 53. Kd6 Qd1+ 54. Kc7 c1=Q+ 55. Kb8 Qb3+ 56. Ka8 Qca3#
{White checkmated}
0-1